 Dungeon Crawl Stone Soup version 0.30-a0-743-gbfdf073431 (webtiles) character file.

Game seed: 14494215207520833450

2536 BRD the Cleaver (level 9, -7/74 HPs)
             Began as a Formicid Fighter on Feb 5, 2023.
             Was a Follower of Cheibriados.
             Mangled by Maggie
             ... wielding a +0 halberd
              (17 damage)
             ... on level 6 of the Dungeon.
             The game lasted 00:11:33 (5885 turns).

BRD the Cleaver (Formicid Fighter)                  Turns: 5885, Time: 00:11:34

Health: -7/74      AC:  4    Str: 32    XL:     9   Next: 85%
Magic:  9/9        EV: 10    Int: 10    God:    Cheibriados [*.....]
Gold:   301        SH:  5    Dex: 16    Spells: 8/8 levels left

rFire   . . .      SeeInvis +    n - +3 war axe of Supply {vamp, Str+3}
rCold   . . .      Faith    .    c - +0 buckler
rNeg    . . .      Spirit   .    b - +0 scale mail
rPois   .          Reflect  .    (helmet unavailable)
rElec   .          Harm     .    (no cloak)
rCorr   .          Rampage  .    (no gloves)
Will    .....                    (no boots) Stlth
                                 (no amulet)
HPRegen 0.32/turn                (no ring)
MPRegen 0.11/turn                (no ring)

@: mesmerised, very slow
A: permanent stasis, dig shafts and tunnels, antennae 3, four strong arms,
deformed body, evolution 1
a: Dig, Shaft Self, Renounce Religion, Bend Time


You were on level 6 of the Dungeon.
You worshipped Cheibriados.
Cheibriados was aware of your devotion.
You visited 2 branches of the dungeon, and saw 7 of its levels.

You collected 301 gold pieces.

Inventory:

Hand Weapons
 n - the +3 war axe of Supply (weapon) {vamp, Str+3}
   (You found it on level 2 of the Dungeon)

   Str:       It affects your strength (+3).
 A - a +1 battleaxe of venom
Missiles
 f - 2 poisoned darts (quivered)
Armour
 b - a +0 scale mail (worn)
 c - a +0 buckler (worn)
Jewellery
 t - a ring of ice
Scrolls
 a - 2 scrolls of amnesia {unknown}
 h - 2 scrolls of enchant armour {unknown}
 j - 2 scrolls of identify
 l - 2 scrolls of poison
 m - a scroll of blinking {unknown}
 o - a scroll of immolation {unknown}
 p - 2 scrolls of teleportation
 r - 3 scrolls of noise {unknown}
 u - 3 scrolls of butterflies {unknown}
 v - a scroll of magic mapping {unknown}
 x - a scroll of fear {unknown}
 y - a scroll of fog {unknown}
Potions
 e - a potion of haste
 g - 2 potions of mutation
 k - 2 potions of cancellation
 q - 2 potions of magic {unknown}
 s - a potion of attraction {unknown}
 w - 2 potions of curing {unknown}
 z - a potion of flight {unknown}


   Skills:
 + Level 8.3 Fighting
 * Level 10.0 Axes
 - Level 5.0 Armour
 - Level 5.0 Shields


You had 8 spell levels left.
You didn't know any spells.
Your spell library contained the following spells:

 Spells                   Type           Power      Damage    Failure   Level
 Magic Dart               Conj           0%         1d3       65%         1
 Call Imp                 Summ           0%         N/A       80%         2
 Ensorcelled Hibernation  Hex/Ice        0%         N/A       80%         2
 Passwall                 Tmut/Erth      0%         N/A       80%         2
 Hailstorm                Conj/Ice       0%         3d3       95%         3
 Mephitic Cloud           Conj/Pois/Air  0%         N/A       95%         3
 Animate Dead             Necr           0%         N/A       100%        4
 Ice Form                 Ice/Tmut       0%         N/A       100%        4
 Leda's Liquefaction      Hex/Erth       0%         N/A       100%        4
 Lee's Rapid Deconstruct  Erth           0%         3d4*      100%        5
 Simulacrum               Ice/Necr       0%         N/A       100%        6
 Statue Form              Tmut/Erth      0%         N/A       100%        6
 Haunt                    Necr/Summ      0%         N/A       100%        7
 Infestation              Necr           0%         N/A       100%        8
 Swiftness                Air            Unusable   N/A       N/A         3

Dungeon Overview and Level Annotations

Branches:
Dungeon (6/15)             Temple (1/1) D:5

Altars:
Cheibriados
Dithmenos
Elyvilon
Gozag
Hepliaklqana
Kikubaaqudgha
Makhleb
Nemelex Xobeh
Okawaru
Qazlal
Ru
Sif Muna
Trog
Uskayaw
Vehumet
Wu Jian
Xom
Yredelemnul
Zin
The Shining One

Annotations:
D:3 1 runed translucent door, Crazy Yiuf
D:6 Maggie


Innate Abilities, Weirdness & Mutations

You cannot be hasted, slowed, berserked, paralysed or teleported.
You can dig through walls and to a lower floor.
You have a pair of large antennae on your head. (SInv)
Your four strong arms can wield two-handed weapons with a shield.
Armour fits poorly on your strangely shaped body.
You have hidden genetic potential.


Message History

Maggie mumbles the words to a spell, but in the wrong order.
Maggie hits you from afar with a +0 halberd.
* * * LOW HITPOINT WARNING * * *
The hound bites you but does no damage.
You closely miss the hound. You miss the hound. You barely miss the kobold.
The hound bites you.
* * * LOW HITPOINT WARNING * * *
The hound bites you.
* * * LOW HITPOINT WARNING * * *
The kobold barely misses you. You block the hound's attack.
Maggie hits you from afar with a +0 halberd.
* * * LOW HITPOINT WARNING * * *
You slash the hound!
The hound is heavily wounded.
You completely miss the hound. You slash the kobold!
You feel better.
You kill the kobold!
Cheibriados appreciates the change of pace.
The hound closely misses you. The hound bites you but does no damage.
You block the hound's attack. Maggie barely misses you.
Unknown command.
You barely miss the hound.
The hound is heavily wounded.
You closely miss the hound. You closely miss the kobold brigand.
The hound bites you.
* * * LOW HITPOINT WARNING * * *
The hound closely misses you. You block the hound's attack.
The kobold brigand hits you with a +0 short sword.
* * * LOW HITPOINT WARNING * * *
You block Maggie's attack.
You hit the hound.
The hound is almost dead.
You slash the kobold brigand!
You feel better.
You slash the hound!
You feel better. The hound bites you.
* * * LOW HITPOINT WARNING * * *
The hound barely misses you.
The kobold brigand hits you with a +0 short sword.
* * * LOW HITPOINT WARNING * * *
The hound closely misses you.
Maggie hits you from afar with a +0 halberd!
You die...

....................†....
#.....°○°°○○.○.###......
##....°..°○°.............
.#......○°...°..°.........
h.°°.○..○...°○.........>..
#...°..°°°.°°......#...
#..°).@..○..°°...###...
#...KhK°.°.....)##.#...
......##h@.°..............
.....#####°.○...°.........
.#....#.........○........#
##........○...°......####
##..#.#......°.......# #.
#.##...°##......## .
##.°###.#....# .
##.....#...## ..
#.....##..##


You could see Maggie (mesmerising), a kobold brigand, 2 hounds and a kobold.

Vanquished Creatures
  Pikel (D:5)
  Grinder (D:4)
  Prince Ribbit (D:6)
  Sigmund (D:6)
  Menkaure (D:5)
  3 ice beasts
  2 black bears (D:6)
  A phantom (D:4)
  Blork the orc (D:5)
  A necrophage (D:6)
  A scorpion (D:4)
  3 wights (D:6)
  A hound (D:4)
  A gnoll bouda (D:5)
  Ijyb (D:3)
  An iguana (D:6)
  4 orc wizards
  8 adders
  8 gnolls
  A shadow imp (D:6)
  A white imp (D:6)
  A worm (D:2)
  4 dart slugs
  32 orcs
  6 ball pythons
  4 bats (D:2)
  6 endoplasms
  3 giant cockroaches
  5 goblins
  5 hobgoblins
  23 jackals
  7 kobolds
  3 frilled lizards
  2 rats
144 creatures vanquished.

Notes
Turn   | Place    | Note
-------+----------+-------------------------------------------
     0 | D:1      | BRD the Formicid Fighter began the quest for the Orb.
     0 | D:1      | Reached XP level 1. HP: 18/18 MP: 1/1
    82 | D:1      | Reached XP level 2. HP: 17/24 MP: 2/2
   363 | D:1      | Reached XP level 3. HP: 26/29 MP: 3/3
   757 | D:1      | Found a faded altar of an unknown god.
  1085 | D:2      | Identified the +3 war axe of Supply {vamp, Str+3}
  1111 | D:2      | Reached XP level 4. HP: 37/37 MP: 4/4
  1256 | D:2      | Reached skill level 3 in Axes
  1662 | D:2      | Identified the +2 leather armour of Vuttulis {Harm Fly}
  1788 | D:3      | Reached XP level 5. HP: 36/42 MP: 5/5
  1910 | D:3      | Found an ornate altar of the Wu Jian Council.
  2005 | D:3      | Noticed Ijyb
  2017 | D:3      | Killed Ijyb
  2018 | D:3      | Reached skill level 5 in Shields
  2251 | D:3      | Found a runed translucent door.
  2252 | D:3      | Noticed Crazy Yiuf
  2590 | D:4      | Reached XP level 6. HP: 47/48 MP: 6/6
  2595 | D:4      | Reached skill level 4 in Axes
  2698 | D:4      | Found an iron altar of Okawaru.
  2977 | D:4      | Reached XP level 7. HP: 33/55 MP: 7/7
  3477 | D:4      | Noticed Grinder
  3486 | D:4      | Killed Grinder
  3487 | D:4      | Reached skill level 5 in Fighting
  3487 | D:4      | Reached skill level 5 in Axes
  3487 | D:4      | Reached skill level 5 in Armour
  3663 | D:5      | Entered Level 5 of the Dungeon
  3663 | D:5      | Noticed Menkaure
  3667 | D:5      | Killed Menkaure
  3668 | D:5      | Reached skill level 6 in Axes
  3813 | D:5      | Reached XP level 8. HP: 62/63 MP: 8/8
  3950 | D:5      | Found an opulent altar of Gozag.
  3950 | D:5      | Found a shimmering blue altar of Sif Muna.
  3954 | D:5      | Found a snail-covered altar of Cheibriados.
  3958 | D:5      | Became a worshipper of Cheibriados the Contemplative
  3964 | D:5      | Found a shadowy altar of Dithmenos.
  3982 | D:5      | Found a staircase to the Ecumenical Temple.
  3986 | D:5      | Noticed Pikel
  4010 | D:5      | Killed Pikel
  4011 | D:5      | Reached skill level 7 in Axes
  4134 | Temple   | Entered the Ecumenical Temple
  4535 | D:5      | Reached skill level 8 in Axes
  4535 | D:5      | Reached XP level 9. HP: 71/71 MP: 9/9
  4700 | D:5      | Identified the +4 leather armour of Laamnixi {rPois Will-
                  | Dex+7 Stlth+}
  4959 | D:5      | Noticed Blork the orc
  4972 | D:5      | Killed Blork the orc
  4979 | D:5      | Reached * piety under Cheibriados
  5549 | D:6      | Reached skill level 9 in Axes
  5737 | D:6      | Noticed Prince Ribbit
  5741 | D:6      | Killed Prince Ribbit
  5778 | D:6      | Noticed Sigmund
  5783 | D:6      | Killed Sigmund
  5784 | D:6      | Reached skill level 10 in Axes
  5862 | D:6      | Noticed Maggie
  5874 | D:6      | Gained mutation: Armour fits poorly on your strangely
                  | shaped body. [potion of mutation]
  5874 | D:6      | Gained mutation: You have hidden genetic potential. [potion
                  | of mutation]
  5880 | D:6      | HP: 1/74 [Maggie/+0 halberd (8)]
  5885 | D:6      | Mangled by Maggie

Illustrated notes

Levels and vault maps discovered:
D:1:      dpeg_arrival_arbitrary_c, layout_loops_ring,
          shapermc_ecumenical_altar_mp_vishouse, kennysheep_nondescript
D:2:      layout_loops_ring, minmay_tetromino_l4
D:3:      layout_rooms, nicolae_wu_jian_glorious_leap, minmay_unequal,
          uniq_ijyb, uniq_crazy_yiuf_cottage
D:4:      layout_cave_pods, mainiacjoe_overflow_alcove_1, minivault_24,
          kennysheep_potato, uniq_grinder
D:5:      layout_loops_corners, grunt_temple_overflow_cloverleaf,
          minmay_temple_entry_large_hall, uniq_pikel, uniq_blork_the_orc,
          uniq_menkaure
D:6:      layout_cave_pools, uniq_prince_ribbit1, uniq_maggie, uniq_sigmund
Temple:   dpeg_chambers_temple

Skill      XL: |  1  2  3  4  5  6  7  8  9 |
---------------+----------------------------+-----
Axes           | 3 4 6 8 10 | 10.0
Armour         | 4 5 |  5.0
Fighting       | 4 5 6 8 |  8.3
Shields        | 5 |  5.0

Action                     |  1- 3 |  4- 6 |  7- 9 || total
---------------------------+-------+-------+-------++-------
  Melee: War axe           |    63 |   116 |   202 ||   381
  Evoke: Wand              |       |       |     6 ||     6
    Use: Potion            |       |     1 |     5 ||     6
         Scroll            |       |       |     3 ||     3
 Armour: Scale mail        |    33 |    56 |    60 ||   149
  Dodge: Dodged            |    28 |    59 |   103 ||   190
  Block: Buckler           |    16 |    29 |    60 ||   105

Table legend: (Time is in decaauts)
 A = Elapsed time spent in this place.
 B = Non-inter-level travel time spent in this place.
 C = Inter-level travel time spent in this place.
 D = Time resting spent in this place.
 E = Time spent auto-exploring this place.
 F = Levels seen in this place.
 G = Mean time per level.
                   A        B        C        D        E       F      G
               +--------+--------+--------+--------+--------+-----+--------+
         Total |   6382 |   6023 |    359 |    576 |   4369 |   7 |  911.7 |
       Dungeon |   6093 |   5762 |    331 |    576 |   4124 |   6 | 1015.5 |
        Temple |    289 |    262 |     27 |      0 |    244 |   1 |  289.0 |
               +--------+--------+--------+--------+--------+-----+--------+

Top non-repeatable levels by time:
     D:5: 1932 daAuts
     D:4: 1100 daAuts
     D:2: 936 daAuts
     D:1: 862 daAuts
     D:3: 835 daAuts
     D:6: 425 daAuts
  Temple: 289 daAuts
